 Dungeon Crawl Stone Soup version 0.13-a0-2907-g70ca29e (webtiles) character file.

408 PolkaDot the Ruinous (level 5, -1/35 HPs)
             Began as a Vampire Conjurer on Aug 31, 2013.
             Slain by a kobold (4 damage)
             ... on Level 4 of the Dungeon.
             The game lasted 00:27:12 (3819 turns).

PolkaDot the Ruinous (Vampire Conjurer)             Turns: 3819, Time: 00:27:14

HP  -1/35        AC  1     Str  5      XL: 5   Next: 51%
MP   6/11        EV 12     Int 18      God:
Gold 205         SH  0     Dex 14      Spells:  3 memorised,  3 levels left

Res.Fire  : + . .   See Invis. : +   o - +2,+1 elf dagger (venom)
Res.Cold  : + . .   Warding    : .   a - +0 robe
Life Prot.: + . .   Conserve   : .   (no shield)
Res.Poison: +       Res.Corr.  : .   (no helmet)
Res.Elec. : +       Clarity    : .   (no cloak)
Sust.Abil.: . .     Spirit.Shd : .   (no gloves)
Res.Mut.  : .       Stasis     : .   (no boots)
Res.Rott. : .       Flight     : .   (no amulet)
Saprovore : . . .                    (no ring)
                                     (no ring)

@: slightly resistant to hostile enchantments, stealthy
A: fangs 3, see invisible, deformed body, sense surroundings 1, unbreathing, Str
-2
a: Bat Form


You were on level 4 of the Dungeon.
You were not thirsty.

You visited 1 branch of the dungeon, and saw 4 of its levels.

You collected 185 gold pieces.

Inventory:

Hand weapons
 o - a +2,+1 elven dagger of venom (weapon)
Armour
 a - a +0 robe (worn)
Magical devices
 s - a wand of random effects (10) {unknown}
Scrolls
 b - a scroll of teleportation {unknown}
 d - 2 scrolls of remove curse {unknown}
 e - a scroll of fear {unknown}
 g - 5 scrolls of identify {unknown}
 i - 2 scrolls of enchant armour {unknown}
 j - a scroll of enchant weapon I {unknown}
 k - a scroll of magic mapping {unknown}
 l - 3 scrolls of amnesia {unknown}
 m - a scroll of curse weapon {unknown}
 n - a scroll of enchant weapon II {unknown}
Jewellery
 h - a +3 ring of protection {unknown}
 r - an uncursed amulet of inaccuracy {unknown}
Potions
 q - 2 potions of curing
Books
 c - a book of Conjurations

   Spells                             Type                      Level
   *Magic Dart                        Conjuration                  1
   *Searing Ray                       Conjuration                  2
   *Dazzling Spray                    Conjuration/Hexes            3
   Iskenderun's Mystic Blast          Conjuration                  4
   Iskenderun's Battlesphere          Conjuration/Charms           4
   Fulminant Prism                    Conjuration/Hexes            5


   Skills:
 - Level 2.1 Dodging
 - Level 3.0 Stealth
 + Level 2.5 Spellcasting
 * Level 4.5 Conjurations
 + Level 1.9 Hexes


You had 3 spell levels left.
You knew the following spells:

 Your Spells              Type           Power        Failure   Level  Hunger
a - Magic Dart            Conj           ###.         2%          1    #......
d - Dazzling Spray        Conj/Hex       ##......     17%         3    ###....
s - Searing Ray           Conj           ###...       4%          2    ##.....


Dungeon Overview and Level Annotations

Branches:
Dungeon (4/27)
 Temple: D:4-7

Altars:
Xom
Yredelemnul


Innate Abilities, Weirdness & Mutations

You have razor-sharp teeth.*
You have supernaturally acute eyesight.
You can survive without breathing.*
Armour fits poorly on your strangely shaped body.*
You passively map a small area around you.+ You are weak. (Str -2)


Message History

The orc priest becomes somewhat translucent.
The kobold misses you. The bat hits you. The bat hits you but does no damage.
The bat hits you but does no damage. The bat barely misses you.
The bat completely misses you. The kobold hits you but does no damage.
The bat barely misses you. The kobold hits you. The bat hits you.
* * * LOW HITPOINT WARNING * * *
The orc priest hits you with an orcish dagger.
* * * LOW HITPOINT WARNING * * *
Read which item? (? for menu, Esc to quit)
As you read the scroll labeled JEL GRAL ZUTT, it crumbles to dust.
Nothing appears to happen.
The orc hits you.
* * * LOW HITPOINT WARNING * * *
The orc priest hits you with an orcish dagger.
* * * LOW HITPOINT WARNING * * *
The kobold hits you.
You die...

...# , , , ...# ,, ,
, ...# *##### ###*
.#.# #...###.# .#.#
#.....#.# .#.#
#.#.....# .#.#
#.#.r..b# .#.#
#o##.goK# .#.#
#.#####@# * ,
.#.#######g#####o##
..........r........,
,
..........p...##.##
* ..........o......#
,*
.#.##...##.##o[..#
.#.##...##.# .=..#
.#l##...##.#, ...#
.#.#### ##.#,,.###


You could see an orc priest, an orc, a hobgoblin, a bat, a kobold and a rat.

Vanquished Creatures
  An orc priest (D:3)
  A black bear skeleton (D:4)
  Terence (D:3)
  A gnoll (D:4)
  2 adders (D:3)
  A giant mite (D:1)
  2 worms
  2 giant geckos (D:2)
  7 orcs (D:3)
  8 bats
  A giant cockroach (D:2)
  12 goblins
  16 hobgoblins
  2 giant newts
  15 kobolds
  8 rats
  A spectral orc (D:3)
81 creatures vanquished.

Notes
Turn   | Place    | Note
--------------------------------------------------------------
     0 | D:1      | PolkaDot, the Vampire Conjurer, began the quest for the Orb.
     0 | D:1      | Reached XP level 1. HP: 13/13 MP: 4/4
   337 | D:1      | Reached XP level 2. HP: 19/19 MP: 5/5
   351 | D:1      | Learned a level 2 spell: Searing Ray
  1124 | D:1      | Reached XP level 3. HP: 24/24 MP: 2/7
  2151 | D:2      | Learned a level 3 spell: Dazzling Spray
  2325 | D:2      | Reached XP level 4. HP: 27/30 MP: 7/9
  2708 | D:3      | Reached skill level 4 in Conjurations
  2836 | D:3      | Found a basalt altar of Yredelemnul.
  3023 | D:3      | Reached skill level 1 in Hexes
  3120 | D:3      | Reached XP level 5. HP: 35/35 MP: 5/10
  3348 | D:3      | Noticed Terence
  3369 | D:3      | Killed Terence
  3776 | D:4      | Found a shimmering altar of Xom.
  3785 | D:4      | Gained mutation: You are weak. (Str -2) [potion of mutation]
  3785 | D:4      | Gained mutation: You passively map a small area around you. [potion of mutation]
  3785 | D:4      | Gained mutation: Armour fits poorly on your strangely shaped body. [potion of mutation]
  3787 | D:4      | Noticed a phantom
  3787 | D:4      | Noticed a phantom
  3819 | D:4      | Slain by a kobold

Action                   |  1- 3 |  4- 6 || total
-------------------------+-------+-------++-------
Melee: Dagger            |       |     9 ||     9
 Cast: Magic Dart        |    99 |    35 ||   134
       Searing Ray       |     7 |    16 ||    23
  Use: Potion            |       |     4 ||     4
       Scroll            |       |     1 ||     1
 Stab: Invisible         |       |     2 ||     2
       Sleeping          |       |     1 ||     1
